 Dungeon Crawl Stone Soup version 0.28.0-53-g5a82cb258f (webtiles) character file.

Game seed: 8775966596359292

23 styxcanada the Sneak (level 2, -6/14 HPs)
             Began as a Spriggan Brigand on June 2, 2022.
             Killed from afar by Sigmund (10 damage)
             ... with a puff of flame
             ... on level 2 of the Dungeon.
             The game lasted 00:03:41 (1432 turns).

styxcanada the Sneak (Spriggan Brigand)             Turns: 1432, Time: 00:03:41

Health: -6/14      AC:  3    Str: 13    XL:     2   Next: 72%
Magic:  3/3        EV: 17    Int: 12    God:
Gold:   63         SH:  0    Dex: 16    Spells: 1/1 levels left

rFire   . . .      SeeInvis +   a - +2 dagger
rCold   . . .      Faith    .   (no shield)
rNeg    . . .      Spirit   .   b - +0 robe
rPois   .          Reflect  .   (helmet restricted)
rElec   .          Harm     .   c - +0 cloak
rCorr   .          Rampage  .   (gloves unavailable)
Will    .....                   (boots unavailable)
Stlth   +++.......              (no amulet)
HPRegen 0.04/turn               m - +6 ring of strength
MPRegen 0.08/turn               (no ring)

@: very quick
A: very small, no large weapons, unfitting armour, see invisible, speed 3
a: no special abilities


You were on level 2 of the Dungeon.
You visited 1 branch of the dungeon, and saw 2 of its levels.

You collected 63 gold pieces.

Inventory:

Hand Weapons
 a - a +2 dagger (weapon)
 n - a +0 hunting sling
Missiles
 d - 4 poisoned darts (quivered)
 e - 2 curare-tipped darts
 k - 27 stones
Armour
 b - a +0 robe (worn)
 c - a +0 cloak (worn)
Jewellery
 m - a +6 ring of strength (left hand)
Scrolls
 f - a scroll of noise {unknown}
 l - a scroll of teleportation {unknown}
Potions
 g - 3 potions of curing {unknown}
 h - 2 potions of brilliance {unknown}
 i - a potion of attraction {unknown}
 j - 2 potions of flight {unknown}


   Skills:
 * Level 1.6 Fighting
 + Level 2.3 Short Blades
 + Level 2.1 Throwing
 * Level 1.9 Dodging
 * Level 6.8 Stealth


You had one spell level left.
You didn't know any spells.
Your spell library contained the following spells:

 Spells                   Type           Power      Damage    Failure   Level
 Summon Small Mammal      Summ           0%         N/A       32%         1
 Call Canine Familiar     Summ           0%         N/A       69%         3
 Summon Guardian Golem    Hex/Summ       0%         N/A       69%         3
 Orb of Destruction       Conj           0%         9d5       100%        7
 Spellforged Servitor     Conj/Summ      0%         N/A       100%        7


Dungeon Overview and Level Annotations

Branches:
Dungeon (2/15)

Altars:

Annotations:
D:2 Sigmund


Innate Abilities, Weirdness & Mutations

You are very small and have problems with some larger weapons.
You are too small for most types of armour.
You have supernaturally acute eyesight. (SInv)
You cover ground extremely quickly. (Speed+++)


Message History

The goblin is severely wounded.
You kill the goblin!
A hobgoblin comes into view.
Items here: ! $ ) †.
d - 7 poisoned darts (gained 1)
You start waiting.
Done waiting.
Found a stone staircase leading down.
Sigmund the Dreaded comes into view.
He is wielding a +4 scythe of flaming.
Found 14 gold pieces.
Found a glowing red potion.
Sigmund shouts!
Found a stone staircase leading up.
Throw: 7 darts (poison)
Press: ? - help, Q - select action, (/) - cycle Shift-Dir - straight line, f - Sigmund
Aim: Sigmund, wielding a +4 scythe of flaming and wearing a +0 robe (57% to hit)
You throw a poisoned dart.
The poisoned dart closely misses Sigmund.
Sigmund mumbles some strange words.
Sigmund flickers and vanishes for a moment.
Sigmund gestures at you while chanting. The magic dart hits you.
Throw: 6 darts (poison)
Press: ? - help, Q - select action, (/) - cycle Shift-Dir - straight line, f/p - Sigmund
Aim: Sigmund, wielding a +4 scythe of flaming and wearing a +0 robe (slightly transparent, 57% to hit)
You throw a poisoned dart. The poisoned dart hits Sigmund.
Sigmund gestures at you while chanting. You resist with some effort.
Throw: 5 darts (poison)
Press: ? - help, Q - select action, (/) - cycle Shift-Dir - straight line, f/p - Sigmund
Aim: Sigmund, wielding a +4 scythe of flaming and wearing a +0 robe (slightly transparent, 57% to hit)
You throw a poisoned dart.
The poisoned dart barely misses Sigmund.
Sigmund points at you and mumbles some strange words.
The magic dart hits you.
* * * LOW HITPOINT WARNING * * *
Sigmund gestures at you while chanting. The puff of flame hits you!
Ouch! That really hurt!
You die...

...#.................
####.............#.
##..........###
##.........# ###)..###.##
#.....# #..###
######.....# #....#
..........####....#######
.#..##.......)..@.#.....#
...>......####....#.....#
............[......[....#
#.......................#
#............#....#######
.........@...........#
......@........#####g#
#.....##..##......# #
..............###.#


You could see Sigmund (invisible).

Vanquished Creatures
  A dart slug (D:1)
  A ball python (D:2)
  An endoplasm (D:1)
  2 giant cockroaches
  A goblin (D:2)
  3 hobgoblins (D:1)
  A quokka (D:2)
  A frilled lizard (D:1)
  6 kobolds
  2 rats (D:1)
19 creatures vanquished.

Notes
Turn   | Place    | Note
-------+----------+-------------------------------------------
     0 | D:1      | styxcanada the Spriggan Brigand began the quest for the
                  | Orb.
     0 | D:1      | Reached XP level 1. HP: 10/10 MP: 2/2
   101 | D:1      | Reached skill level 6 in Stealth
   446 | D:1      | Reached XP level 2. HP: 14/14 MP: 3/3
  1408 | D:2      | Noticed Sigmund
  1432 | D:2      | Killed from afar by Sigmund

Illustrated notes

Levels and vault maps discovered:
D:1:      ncdulo_lavacross, layout_basic
D:2:      layout_rooms, serial_shops, nicolae_shop_crystal,
          kennysheep_generic_room_2, uniq_sigmund

Skill      XL: |  1 |
---------------+----+-----
Stealth        | 6 |  6.8
Fighting       | |  1.6
Short Blades   | |  2.3
Throwing       | |  2.1
Dodging        | |  1.9

Action                   || total
-------------------------++-------
Melee: Dagger            ||    35
Throw: Dart              ||    14
 Stab: Sleeping          ||     5
Armor: Robe              ||     2
Dodge: Dodged            ||    31
